AoeStats
← kentttt

Arena

510070463Analyzed
3v3 RM · 3d ago on Sep 29, 2026· 36m 17s· 6 players
Game mode
Random Map
Map size
Normal (6 player)
Population
200
Speed
Normal
Resources
Standard
Victory
Conquest
Starting age
Dark Age
Ending age
Imperial Age
RankedLock teamsTeams togetherTeam positionsShared explorationLock speedFull tech treeHidden civsTurbo modeCheats
Victory
Defeat
🇪🇸 Magyars · Spain
987
+14
🇪🇸 Teutons · Spain
972
+15
🇹🇷 Romans · Türkiye
940
+16
🇨🇳 Franks · China
1036
-54
🇨🇳 Saxons · China
943
-15
🇨🇳 Tatars · China
875
-12
Market Blockers
11:03 Feudal Age
12:04 Double-Bit Axe
14:54 Castle Age
12:58 Horse Collar
15:04 Wheelbarrow
26:20 Bow Saw
29:31 Imperial Age
27:13 Loom
27:44 Hand Cart
27:14 Town Watch
27:34 Gold Mining
28:24 Forging
28:15 Scale Mail Armor
28:35 Gambesons
28:50 Squires
28:36 Arson
29:55 Iron Casting
29:58 Elite Varangian Guard
31:14 Chain Mail Armor
31:00 Capped Ram
34:06 Conscription
34:51 Plate Mail Armor
35:03 Scale Barding Armor
Tamerlane
10:49 Feudal Age
11:30 Double-Bit Axe
14:29 Castle Age
12:36 Horse Collar
16:38 Bow Saw
18:15 Wheelbarrow
20:46 Heavy Plow
22:19 Stone Mining
23:38 Gold Mining
24:19 Loom
24:49 Hand Cart
25:34 Gold Shaft Mining
28:42 Imperial Age
26:13 Town Watch
26:21 Fletching
26:48 Padded Archer Armor
27:11 Ballistics
27:27 Bodkin Arrow
28:15 Leather Archer Armor
28:13 Silk Armor
28:40 Bloodlines
28:30 Husbandry
28:46 Heavy Cavalry Archer
29:40 Bracer
31:09 Ring Archer Armor
31:40 Chemistry
32:33 Conscription
31:40 Light Cavalry
33:15 Scale Barding Armor
33:21 Forging
33:03 Hussar
34:35 Chain Barding Armor
36:21 Iron Casting
kentttt
12:18 Feudal Age
10:47 Loom
15:49 Castle Age
14:03 Double-Bit Axe
16:45 Bow Saw
17:51 Wheelbarrow
17:11 Gold Mining
22:49 Scale Mail Armor
28:52 Fletching
29:36 Bodkin Arrow
TacticJavier
10:44 Feudal Age
14:38 Castle Age
13:06 Double-Bit Axe
13:11 Loom
19:54 Town Watch
20:25 Fletching
22:23 Bloodlines
23:16 Husbandry
23:42 Bodkin Arrow
25:49 Thumb Ring
27:23 Horse Collar
29:17 Wheelbarrow
28:57 Padded Archer Armor
31:45 Hand Cart
31:05 Light Cavalry
33:39 Ballistics
33:46 Leather Archer Armor
34:24 Murder Holes
ersoy_f
11:41 Feudal Age
12:12 Double-Bit Axe
12:44 Horse Collar
21:02 Castle Age
20:04 Padded Archer Armor
19:54 Fletching
22:44 Leather Archer Armor
22:25 Bodkin Arrow
22:55 Elite Skirmisher
23:50 Bodkin Arrow
34:52 Squires
peeeudro
0:28 Loom
11:09 Feudal Age
13:10 Double-Bit Axe
13:08 Horse Collar
18:54 Castle Age
17:27 Stone Mining
18:36 Gold Mining
20:08 Bow Saw
22:20 Fletching
24:25 Heavy Plow
24:22 Pikeman
29:05 Bodkin Arrow
35:33 Imperial Age
33:42 Wheelbarrow
35:36 Hand Cart
Connection lost

Rejoining the realm…

Still unreachable

The connection could not be restored.

Session expired

The server has moved on; the page needs a fresh start.